 Dungeon Crawl Stone Soup version 0.21.0-3-g78d12a8 (webtiles) character file.

123 Monsterracer the Skirmisher (level 5, -1/72 HPs)
             Began as a Hill Orc Ice Elementalist on Jan 17, 2018.
             Succumbed to Sigmund's poison
             ... on level 2 of the Dungeon.
             The game lasted 00:04:32 (2657 turns).

Monsterracer the Skirmisher (HOIE)                  Turns: 2657, Time: 00:04:33

Health: -1/72      AC: 22    Str: 12    XL:     5   Next: 7%
Magic:  7/7        EV:  2    Int: 20    God:
Gold:   26         SH:  0    Dex: 11    Spells: 6/7 levels left

rFire    . . .     SeeInvis .   i - +1 spear (venom)
rCold    . . .     Gourm    .   (no shield)
rNeg     + + +     Faith    .   (armour currently unavailable)
rPois    +         Spirit   .   (helmet currently unavailable)
rElec    .         Reflect  .   (cloak currently unavailable)
rCorr    .         Harm     .   (gloves currently unavailable)
MR       .....     NoTele   +   (boots currently unavailable)
Stlth    ++........             (no amulet)
HPRegen  0.22/turn              (no ring)
MPRegen  0.10/turn              (no ring)

@: brilliant, lethally poisoned (-1 -> -20), tree-form, hasted, very quick
A: no striking features
a: no special abilities


You were on level 2 of the Dungeon.
You were not hungry.
You were a tree.
You visited 1 branch of the dungeon, and saw 2 of its levels.

You collected 26 gold pieces.

Inventory:

Hand Weapons
 d - a +0 flail of holy wrath
 e - a +2 short sword of speed
 i - a +1 spear of venom (weapon)
Armour
 h - a +0 ring mail (melded)
 l - a +0 pair of boots (melded)
Jewellery
 o - an uncursed ring of protection from fire {unknown}
Scrolls
 a - a scroll of blinking {unknown}
 f - a scroll of enchant weapon {unknown}
 g - a scroll of fog {unknown}
 p - a scroll of remove curse
Potions
 m - a potion of brilliance
Books
 b - a book of Frost

   Spells                             Type                      Level
   a - Freeze                         Ice                          1
   b - Throw Frost                    Conjuration/Ice              2
   c - Ozocubu's Armour               Charms/Ice                   3
   d - Throw Icicle                   Conjuration/Ice              4
   e - Summon Ice Beast               Ice/Summoning                4
Comestibles
 c - 6 rations


   Skills:
 * Level 5.3 Fighting
 + Level 0.8 Armour
 - Level 1.5 Dodging
 - Level 1.5 Stealth
 - Level 1.5 Spellcasting
   Level 1.0 Conjurations
 - Level 2.6 Ice Magic


You had 6 spell levels left.
You knew the following spells:

 Your Spells              Type           Power        Failure   Level  Hunger
a - Freeze                Ice            ###.         1%          1    #......


Dungeon Overview and Level Annotations

Branches:
Dungeon (2/15)

Altars:

Annotations:
D:2 Sigmund


Message History

You feel clever all of a sudden.
* * * LOW HITPOINT WARNING * * *
You feel sick.
It was a potion of heal wounds.
You feel much better.
You feel sick.
You regained 15 hp, and now have 23/48 hp.
You feel sick.
You take 1 damage, and have 22/48 hp.
You feel sick.
You take 1 damage, and have 21/48 hp.
You feel sick.
You take 1 damage, and have 20/48 hp.
You feel sick.
You take 1 damage, and have 19/48 hp.
You feel sick.
You take 1 damage, and have 19/48 hp.
You see here a leather armour.
You feel sick.
You take 1 damage, and have 18/48 hp.
You feel sick.
You take 1 damage, and have 17/48 hp.
You feel sick.
You take 1 damage, and have 17/48 hp.
You feel sick.
Sigmund appears from thin air!
Reactivating autopickup.
Sigmund points at you and mumbles some strange words.
You are confused.
You take 1 damage, and have 16/48 hp.
Sigmund barely misses you.
You bump into the rock wall.
You bump into the rock wall.
Sigmund hits you from afar with a scythe of venom.
* * * LOW HITPOINT WARNING * * *
You are lethally poisoned!
You take 4 damage, and have 13/48 hp.
You bump into the rock wall.
* * * LOW HITPOINT WARNING * * *
You feel sick.
Sigmund hits you from afar with a scythe of venom.
* * * LOW HITPOINT WARNING * * *
You take 6 damage, and have 7/48 hp.
It was a potion of lignification.
You turn into a tree.
Your +0 pair of boots melds into your body.
Your +0 ring mail melds into your body.
Your roots penetrate the ground.
* * * LOW HITPOINT WARNING * * *
You feel sick.
You now have 9/72 hp.
You're too confused!
You feel less confused.
* * * LOW HITPOINT WARNING * * *
You feel sick. Sigmund hits you but does no damage.
You take 1 damage, and have 8/72 hp.
You cannot move.
You swing at nothing.
* * * LOW HITPOINT WARNING * * *
You feel sick. Sigmund barely misses you.
Attack whom?
Press: ? - help, Dir - move target cursor, f - Sigmund
Aim: Sigmund, wielding a scythe of venom and wearing a robe You reach to attack!
You hit Sigmund.
Sigmund is lightly wounded.
* * * LOW HITPOINT WARNING * * *
You feel sick.
You take 1 damage, and have 7/72 hp.
Attack whom?
Press: ? - help, Dir - move target cursor, f/p - Sigmund
Aim: Sigmund, wielding a scythe of venom and wearing a robe (lightly wounded)
You reach to attack!
You hit Sigmund.
Sigmund is lightly wounded.
* * * LOW HITPOINT WARNING * * *
You feel sick. Sigmund hits you but does no damage.
You are more poisoned.
You take 1 damage, and have 6/72 hp.
Unknown command.
Attack whom?
Press: ? - help, Dir - move target cursor, f/p - Sigmund
Aim: Sigmund, wielding a scythe of venom and wearing a robe (lightly wounded)
You reach to attack!
You hit Sigmund.
Sigmund is poisoned.
Sigmund is moderately wounded.
* * * LOW HITPOINT WARNING * * *
You feel sick. Sigmund hits you but does no damage.
You are more poisoned.
You take 2 damage, and have 4/72 hp.
Attack whom?
Press: ? - help, Dir - move target cursor, f/p - Sigmund
Aim: Sigmund, wielding a scythe of venom and wearing a robe (heavily wounded, poisoned)
You reach to attack!
You hit Sigmund but do no damage.
Sigmund is heavily wounded.
* * * LOW HITPOINT WARNING * * *
You feel sick. Sigmund hits you but does no damage.
You take 1 damage, and have 3/72 hp.
It was a potion of haste.
You feel yourself speed up.
* * * LOW HITPOINT WARNING * * *
You feel sick.
You take 2 damage, and have 1/72 hp.
Attack whom?
Press: ? - help, Dir - move target cursor, f/p - Sigmund
Aim: Sigmund, wielding a scythe of venom and wearing a robe (heavily wounded, poisoned)
You reach to attack!
You barely miss Sigmund.
Sigmund is heavily wounded.
You die...

#.#..# #.# #.#####
#.#..# ##.# #.#
#.#..# #..# #.#
#.#..####.####.#
#.#..##.....##.#
#.....#.....##.#
###.@.......)..#
#.#.#...[.####
########♣#.#.......#
#..........#######.#
#.>........#
#.######
#..........#
#.......
#..........#
#.######
#.........## #.#
#.........# #.#
#.........# #.#
#.........# ######.#


You could see Sigmund.

Vanquished Creatures
  Terence (D:2)
  3 gnolls
  3 adders (D:2)
  2 dart slugs
  A leopard gecko (D:1)
  A ball python (D:2)
  9 bats
  2 giant cockroaches (D:2)
  2 goblins
  3 hobgoblins (D:1)
  A quokka (D:2)
  2 frilled lizards (D:1)
  8 kobolds
  5 rats
43 creatures vanquished.

Notes
Turn   | Place    | Note
-------+----------+-------------------------------------------
     0 | D:1      | Monsterracer the Hill Orc Ice Elementalist began the quest for the Orb.
     0 | D:1      | Reached XP level 1. HP: 14/14 MP: 3/3
   120 | D:1      | Reached skill level 1 in Fighting
   124 | D:1      | HP: 6/16 [dart slug/slug dart (4)]
   134 | D:1      | Reached skill level 2 in Fighting
   134 | D:1      | Reached XP level 2. HP: 11/24 MP: 0/4
   621 | D:1      | HP: 12/25 [leopard gecko (3)]
   652 | D:1      | HP: 12/25 [frilled lizard (1)]
  1087 | D:1      | Reached skill level 3 in Fighting
  1214 | D:1      | Reached XP level 3. HP: 27/31 MP: 5/5
  1412 | D:1      | HP: 9/31 [gnoll/flail of holy wrath (13)]
  1417 | D:1      | HP: 5/31 [gnoll/whip (5)]
  1676 | D:2      | HP: 12/33 [gnoll/spear of venom (8)]
  1681 | D:2      | HP: 10/33 [gnoll/spear of venom (5)]
  1682 | D:2      | Reached skill level 4 in Fighting
  1687 | D:2      | HP: 7/33 [poisoned by a gnoll]
  1692 | D:2      | HP: 6/33 [poisoned by a gnoll]
  1699 | D:2      | HP: 5/33 [poisoned by a gnoll]
  1707 | D:2      | HP: 4/33 [poisoned by a gnoll]
  1993 | D:2      | Noticed Terence
  2002 | D:2      | Reached XP level 4. HP: 40/41 MP: 6/6
  2005 | D:2      | Killed Terence
  2214 | D:2      | Reached skill level 5 in Fighting
  2472 | D:2      | Reached XP level 5. HP: 46/48 MP: 7/7
  2605 | D:2      | Noticed Sigmund
  2618 | D:2      | HP: 24/48 [poisoned by Sigmund]
  2623 | D:2      | HP: 18/48 [poisoned by Sigmund]
  2625 | D:2      | HP: 8/48 [poisoned by Sigmund]
  2631 | D:2      | HP: 20/48 [poisoned by Sigmund]
  2636 | D:2      | HP: 18/48 [poisoned by Sigmund]
  2641 | D:2      | HP: 17/48 [poisoned by Sigmund]
  2647 | D:2      | HP: 13/48 [Sigmund/scythe of venom (4)]
  2652 | D:2      | HP: 7/72 [poisoned by Sigmund]
  2655 | D:2      | HP: 3/72 [poisoned by Sigmund]
  2656 | D:2      | HP: 1/72 [poisoned by Sigmund]
  2657 | D:2      | Succumbed to Sigmund's poison

Skill      XL: |  1  2  3  4 |
---------------+-------------+-----
Fighting       | 2 3 4 5 |  5.3
Armour         | |  0.8
Dodging        | |  1.5
Stealth        | |  1.5
Spellcasting   | |  1.5
Conjurations   | |  1.0
Ice Magic      | |  2.6

Action                   |  1- 3 |  4- 6 || total
-------------------------+-------+-------++-------
Melee: Dagger            |    63 |       ||    63
       Short sword       |     7 |       ||     7
       Spear             |     5 |    49 ||    54
 Cast: Freeze            |    35 |       ||    35
  Use: Potion            |     1 |     4 ||     5
       Scroll            |     1 |       ||     1
 Stab: Sleeping          |     1 |     1 ||     2
  Eat: Ration            |     1 |       ||     1
       Chunk             |       |     3 ||     3
Armor: Robe              |    24 |       ||    24
       Ring mail         |       |    17 ||    17
       Skin              |       |     4 ||     4
Dodge: Dodged            |    85 |    21 ||   106

Vault maps used:
D:1:      dpeg_arrival_circle_labyrinth_a
D:2:      st_stairs_6, uniq_terence, uniq_sigmund
